 Dungeon Crawl Stone Soup version 0.31.0-11-ge490571c62 (webtiles) character file.

Game seed: 1832856213143331693

112 Rassilon the Insei (level 4, 0/40 HPs)
             Began as a Demonspawn Monk on Jan 30, 2024.
             Succumbed to an adder's poison
             ... on level 2 of the Dungeon.
             The game lasted 00:07:51 (1215 turns).

Rassilon the Insei (Demonspawn Monk)                Turns: 1215, Time: 00:07:52

Health: 0/40       AC:  3    Str: 11    XL:     4   Next: 64%
Magic:  4/10       EV: 15    Int: 10    God:
Gold:   42         SH:  0    Dex: 18    Spells: 11/11 levels left

rFire   + .          .
                       - Unarmed
rCold   + . .        c - orb {light}
rNeg    . . .        a - +0 robe
rPois   +            (no helmet)
rElec   +            (no cloak)
rCorr   +            i - +0 pair of gloves
SInv    .            (no boots)
Will    .....        (no amulet)
Stlth   +            (no ring)
HPRegen 0.26/turn    (no ring)
MPRegen 0.12/turn

%: no passive effects
@: mighty, lethally poisoned (0 -> -1), resistant, glowing, invisible (but
backlit and visible)
A: powered by pain 1, wild magic 1
a: no special abilities


You were on level 2 of the Dungeon.
You visited 1 branch of the dungeon, and saw 2 of its levels.

You collected 42 gold pieces.

Inventory:

Armour
 a - a +0 robe (worn)
 c - an orb of light (worn)
 i - a +0 pair of gloves (worn)
Scrolls
 f - a scroll of enchant weapon {unknown}
 j - a scroll of torment {unknown}
 k - a scroll of amnesia {unknown}
Potions
 b - a potion of ambrosia


   Skills:
 + Level 5.8 Fighting
 + Level 5.2 Dodging
 * Level 7.0 Unarmed Combat
 - Level 4.0 Spellcasting


You had 11 spell levels left.
You didn't know any spells.
Your spell library was empty.

Dungeon Overview and Level Annotations

Branches:
Dungeon (2/15)

Altars:


Innate Abilities, Weirdness & Mutations

You sometimes gain a little power by taking damage.
Your spells are a little harder to cast, but a little more powerful.


Message History

It was a potion of experience.
You feel more experienced!
Your Fighting skill gained 2 levels and is now at level 5!
Your Dodging skill gained 2 levels and is now at level 5!
Your Unarmed Combat skill gained 4 levels and is now at level 7!
Your Spellcasting skill gained 4 levels and is now at level 4!
You have reached level 4!
You feel agile.
You feel sick. The adder closely misses you.
You hit the adder.
The adder is severely wounded.
You feel sick. The adder closely misses you. The adder misses you.
It was a potion of resistance.
You feel protected.
You feel sick. The adder misses you.
It was a potion of mutation.
You feel extremely strange.
You feel less in control of your magic.
You feel sick. The adder misses you.
It was a potion of invisibility.
You become transparent, but the glow from your halo prevents you from becoming completely invisible.
You feel sick.
You are no longer poisoned.
The adder bites you.
* * * LOW HITPOINT WARNING * * *
You are lethally poisoned!
The adder poisons you!
You hit the adder.
You kill the adder!
* * * LOW HITPOINT WARNING * * *
You feel sick.
* * * LOW HITPOINT WARNING * * *
You feel sick.
You see here a fizzy coppery potion.
d - a fizzy coppery potion
* * * LOW HITPOINT WARNING * * *
You feel sick.
There is a lethal amount of poison in your body!
It was a potion of might.
You feel very mighty all of a sudden.
You die...

#...........#
#...........#
#...........#
#...........#
#...........###
+..............
##.....†.....###
#......†@.......
.....#<.....######
..#.............
##.######.#### #.
.# # .# ##


There were no monsters in sight!

Vanquished Creatures
  An adder (D:2)
  2 dart slugs (D:1)
  A bat (D:1)
  5 endoplasms (D:1)
  3 giant cockroaches (D:1)
  3 goblins (D:1)
  2 hobgoblins (D:1)
  4 jackals (D:1)
  4 kobolds (D:1)
  3 quokkas (D:1)
  6 ball pythons
  2 frilled lizards (D:1)
  4 rats (D:1)
40 creatures vanquished.

Notes
Turn   | Place    | Note
-------+----------+-------------------------------------------
     0 | D:1      | Rassilon the Demonspawn Monk began the quest for the Orb.
     0 | D:1      | Reached XP level 1. HP: 18/18 MP: 1/1
    64 | D:1      | Reached skill level 3 in Unarmed Combat
    64 | D:1      | Gained mutation: You sometimes gain a little power by
                  | taking damage. [demonic ancestry]
    64 | D:1      | Reached XP level 2. HP: 19/24 MP: 2/2
   596 | D:1      | Reached XP level 3. HP: 28/29 MP: 3/3
  1207 | D:2      | Reached skill level 5 in Fighting
  1207 | D:2      | Reached skill level 5 in Dodging
  1207 | D:2      | Reached skill level 7 in Unarmed Combat
  1207 | D:2      | Reached XP level 4. HP: 8/40 MP: 3/10
  1210 | D:2      | Gained mutation: Your spells are a little harder to cast,
                  | but a little more powerful. [potion of mutation]
  1213 | D:2      | HP: 2/40 [poisoned by an adder]
  1215 | D:2      | Succumbed to an adder's poison

Illustrated notes

Levels and vault maps discovered:
D:1:      roderic_crop_circles_arrival_small, layout_loops_corners,
          minmay_surrounded
D:2:      layout_basic, serial_glass, glass_columns_c, glass_columns_a,
          uniq_jessica, uniq_crazy_yiuf_cottage

Skill      XL: |  1  2  3 |
---------------+----------+-----
Unarmed Combat | 3 7 |  7.0
Dodging        | 3 5 |  5.2
Fighting       | 5 |  5.8
Spellcasting   | 4 |  4.0

Action                     |  1- 3 |  4- 6 || total
---------------------------+-------+-------++-------
  Melee: Unarmed           |   121 |     2 ||   123
    Use: Potion            |     1 |     4 ||     5
 Armour: Robe              |    51 |     1 ||    52
  Dodge: Dodged            |    79 |     5 ||    84
